 Dungeon Crawl Stone Soup version 0.17.0-28-g6e173f8 (webtiles) character file.

172 septik the Cudgeler (level 5, -2/32 HPs)
             Began as a Gargoyle Fighter on Nov 30, 2015.
             Slain by an ice beast (13 damage)
             ... on level 3 of the Dungeon.
             The game lasted 00:03:11 (1885 turns).

septik the Cudgeler (Gargoyle Fighter)              Turns: 1885, Time: 00:03:12

Health: -2/32      AC: 13    Str: 20    XL:     5   Next: 53%
Magic:  5/5        EV:  5    Int:  8    God:
Gold:   94         SH:  9    Dex: 10    Spells: 0 memorised, 4 levels left

rFire  . . .     SeeInvis .     a - +0 flail
rCold  . . .     Clarity  .     q - +0 chain mail
rNeg   + . .     SustAt   .     c - +0 shield
rPois  ∞         Gourm    .     (no helmet)
rElec  +         Spirit   .     (no cloak)
rCorr  .         Warding  .     (no gloves)
rMut   .         Stasis   .     (no boots)
MR     .....                    (no amulet)
Stlth  ..........               (no ring)
                                (no ring)

@: not resistant to hostile enchantments, extremely unstealthy
A: negative energy resistance 1, electricity resistance, unbreathing,
petrification resistance, rot immunity, AC +4
a: no special abilities


You were on level 3 of the Dungeon.
You were not hungry.

You visited 1 branch of the dungeon, and saw 3 of its levels.

You collected 94 gold pieces.

Inventory:

Hand Weapons
 a - a +0 flail (weapon)
Missiles
 f - 26 stones (quivered)
Armour
 b - a +0 scale mail
 c - a +0 shield (worn)
 q - a +0 chain mail (worn)
Jewellery
 p - an uncursed amulet of faith {unknown}
 r - a +2 ring of dexterity {unknown}
Scrolls
 j - a scroll of enchant weapon {unknown}
 l - a scroll of remove curse {unknown}
 m - 2 scrolls of fear {unknown}
 o - 2 scrolls of identify {unknown}
 s - a scroll of teleportation {unknown}
 v - a scroll of blinking {unknown}
Potions
 d - 3 potions of might
 h - 3 potions of curing {unknown}
 i - a potion of resistance {unknown}
 k - 2 potions of magic {unknown}
 t - 2 potions of cancellation {unknown}
Comestibles
 e - 2 bread rations
 g - a meat ration
 n - a slice of pizza
 u - 4 chunks of flesh


   Skills:
 - Level 3.2 Fighting
 + Level 5.5 Maces & Flails
 - Level 3.2 Armour
 - Level 3.2 Shields


You had 4 spell levels left.
You didn't know any spells.

Dungeon Overview and Level Annotations

Branches:
Dungeon (3/15)

Altars:
Fedhas


Innate Abilities, Weirdness & Mutations

You are resistant to torment.
Your stone body is resilient (AC +4).
You are immune to poison.
You resist negative energy.
You are resistant to electric shocks.
You can survive without breathing.
You are immune to petrification.
You are immune to rotting.


Message History

The ice beast hits you but does no damage.
You hit the ice beast.
The ice beast is heavily wounded.
The giant newt bites you but does no damage.
The ice beast hits you. The ice beast freezes you!
The giant newt bites you but does no damage.
You are too injured to fight recklessly!
You are too injured to fight recklessly!
You are too injured to fight recklessly!
You barely miss the ice beast.
The ice beast is heavily wounded.
The ice beast barely misses you.
Your shield and chain mail prevent you from hitting the ice beast.
The ice beast is heavily wounded.
You block the ice beast's attack.
The ice beast hits you but does no damage.
You sock the ice beast!
The ice beast is almost dead.
The ice beast hits you. The ice beast freezes you!
You die...

###.##### #.......#
#.#.###.# # #.#.# #.# ##
#.#.# #.# # .## #.#.# #.#
.# ..## ##.#.# #.# ..#
...####....###.######<..###
...'............@Yl........
...####........#####....#.#
..## #....##### ....# .##
#.#### ....# ## #.# ...## #
#.# ..## #.# ... # #.# ...
# #.#


You could see an ice beast and a giant newt.

Vanquished Creatures
  An orc wizard (D:3)
  An orc priest (D:3)
  3 adders (D:2)
  2 oozes (D:2)
  3 worms
  2 giant geckos
  6 orcs (D:3)
  A ball python (D:2)
  7 hobgoblins
  A quokka (D:3)
  7 bats
  2 giant cockroaches
  4 giant newts
  5 goblins
  5 jackals
  8 kobolds
  10 rats
68 creatures vanquished.

Notes
Turn   | Place    | Note
--------------------------------------------------------------
     0 | D:1      | septik the Gargoyle Fighter began the quest for the Orb.
     0 | D:1      | Reached XP level 1. HP: 14/14 MP: 1/1
    73 | D:1      | Reached XP level 2. HP: 14/19 MP: 2/2
   302 | D:1      | Reached XP level 3. HP: 21/23 MP: 3/3
   601 | D:2      | Found a blossoming altar of Fedhas.
   688 | D:2      | Reached skill level 4 in Maces & Flails
   688 | D:2      | Reached XP level 4. HP: 18/28 MP: 4/4
  1734 | D:3      | Reached skill level 5 in Maces & Flails
  1734 | D:3      | Reached XP level 5. HP: 25/32 MP: 5/5
  1869 | D:3      | Noticed an ice beast
  1885 | D:3      | Slain by an ice beast

Action                   |  1- 3 |  4- 6 || total
-------------------------+-------+-------++-------
Melee: Flail             |   150 |   125 ||   275
  Eat: Chunk             |       |     4 ||     4
